cohdb
Replays
Latest Replays
All Replays
Popular Replays
Top Player Replays
Match Explorer
How It Works
Community
CoH3 Stats
Reddit
Sign in to upload your games and track your stats! →
Sign in with Steam
Match 42714240
Unlisted
Match 42714240
Overview
Messages
Build Orders
End
Construct Weapon Support Center
Engineer Squad
M1919 Machine Gun Team
Bazooka Squad
M1919 Machine Gun Team
Mechanized Support Center
M3 Armored Personnel Carrier
Selects Heavy Weapons
Selects Assault Carriers
Forward Retreat Point
M3 Assault Carrier
Designate Forward Repair Station
Bazooka Squad
Engineer Squad
Construct Tank Depot
Selects Exchangeable Parts
Selects M2HB .50cal Heavy Machine Gun
M4(105) Sherman Bulldozer
Improved M9 Bazooka Rockets
Salvage Crew
Selects Gallant Stand
Selects Black Dragon Artillery Barrage
Black Dragon Artillery Barrage
Guh
Yikers
szwed
MightyOstrich
Joa
clemenzo
nre_nuker
simranjitsingh713
0
0
Comments
sign in to comment!
No comments posted yet!